 Dungeon Crawl Stone Soup version 0.30.1 (webtiles) character file.

Game seed: 1902913764054414497

51 jtron the Insei (level 3, 0/26 HPs)
             Began as a Gnoll Wanderer on July 4, 2023.
             Slain by Sigmund
             ... wielding a +0 scythe
              (9 damage)
             ... on level 2 of the Dungeon.
             The game lasted 00:04:39 (1198 turns).

jtron the Insei (Gnoll Wanderer)                    Turns: 1198, Time: 00:04:39

Health: 0/26       AC:  3    Str:  9    XL:     3   Next: 81%
Magic:  7/7        EV: 11    Int: 12    God:
Gold:   89         SH:  0    Dex: 14    Spells: 6/7 levels left

rFire   . .          .
                       - Unarmed
rCold   . . .        b - +0 buckler
rNeg    . . .        d - +1 robe
rPois   .            (no helmet)
rElec   .            (no cloak)
rCorr   .            (no gloves)
SInv    .            (no boots)
Will    .....        (no amulet)
Stlth   +            (no ring)
HPRegen 0.24/turn    (no ring)
MPRegen 0.10/turn

%: no passive effects
@: confused
A: fangs 1, strong nose, distributed training
a: no special abilities


You were on level 2 of the Dungeon.
You visited 1 branch of the dungeon, and saw 2 of its levels.

You collected 89 gold pieces.

Inventory:

Hand Weapons
 a - a +0 dagger
 h - a +0 sling
Armour
 b - a +0 buckler (worn)
 d - a +1 robe (worn)
Jewellery
 i - an amulet of faith
Scrolls
 c - 2 scrolls of fear
Potions
 e - 2 potions of haste
 f - a potion of attraction {unknown}
 g - a potion of mutation {unknown}
 j - 2 potions of curing {unknown}
 l - 2 potions of magic
 m - a potion of brilliance {unknown}
 n - a potion of flight {unknown}


   Skills:
 + Level 1.0 Fighting
 + Level 1.0 Short Blades
 + Level 1.0 Long Blades
 + Level 1.0 Axes
 + Level 1.0 Maces & Flails
 + Level 1.0 Polearms
 + Level 1.0 Staves
 + Level 1.0 Ranged Weapons
 + Level 1.0 Throwing
 + Level 4.6 Armour
 + Level 1.0 Dodging
 + Level 2.5 Stealth
 + Level 4.6 Shields
 + Level 4.6 Unarmed Combat
 + Level 2.9 Spellcasting
 + Level 0.7 Conjurations
 + Level 0.7 Hexes
 + Level 0.7 Summonings
 + Level 0.7 Necromancy
 + Level 0.7 Translocations
 + Level 0.7 Transmutations
 + Level 0.7 Fire Magic
 + Level 0.7 Ice Magic
 + Level 2.2 Air Magic
 + Level 0.7 Earth Magic
 + Level 0.7 Poison Magic
 + Level 2.7 Invocations
 + Level 1.0 Evocations


You had 6 spell levels left.
You knew the following spells:

 Your Spells              Type           Power      Damage    Failure   Level
a - Shock                 Conj/Air       20%        1d4       21%         1

Your spell library contained the following spells:

 Spells                   Type           Power      Damage    Failure   Level
 Vhi's Electric Charge    Tloc/Air       10%        N/A       52%         3


Dungeon Overview and Level Annotations

Branches:
Dungeon (2/15)

Altars:

Annotations:
D:2 Sigmund


Innate Abilities, Weirdness & Mutations

You have very sharp teeth.
Your uncanny sense of smell can sniff out nearby items.
Your experience applies equally to all skills.


Message History

Things that are here:
a bat corpse; a bat corpse You start resting.
There is a strange disturbance nearby!
Throw: 4 darts (poison)
Press: ? - help, Q - select action, (/) - cycle Shift-Dir - straight line You throw a poisoned dart.
Throw: 3 darts (poison)
Press: ? - help, Q - select action, (/) - cycle Shift-Dir - straight line You throw a poisoned dart.
Something hits you!
Sigmund appears from thin air!
Reactivating autopickup.
Sigmund hits you with a +0 scythe.
Throw: 2 darts (poison)
Press: ? - help, Q - select action, (/) - cycle Shift-Dir - straight line, f - Sigmund
Aim: Sigmund, wielding a +0 scythe and wearing a +0 robe (spells empowered, 53% to hit)
You throw a poisoned dart. The poisoned dart hits Sigmund.
Sigmund is poisoned.
You closely miss Sigmund.
Sigmund is lightly wounded.
Sigmund smiles chillingly.
Sigmund completely misses you.
Throw: dart (poison)
Press: ? - help, Q - select action, (/) - cycle Shift-Dir - straight line, f/p - Sigmund
Aim: Sigmund, wielding a +0 scythe and wearing a +0 robe (lightly wounded, spells empowered, poisoned, 53% to hit)
You throw a poisoned dart. The poisoned dart hits Sigmund.
Sigmund looks even sicker.
Sigmund is lightly wounded.
Sigmund says, "Don't worry, I'll kill you fast."
Sigmund closely misses you.
Okay, then.
As you read the scroll of fear, it crumbles to dust.
You assume a fearsome visage.
Sigmund looks frightened!
You hit Sigmund.
Your attack snaps Sigmund out of his fear.
Sigmund is moderately wounded.
Sigmund points at you and mumbles some strange words.
You are confused.
Sigmund hits you with a +0 scythe!
You die...

.?......#.....#...
.......#.....#...
..b...#.....#...
..=. #.....####
####.####.....####
#((.....#####.....
#.##.##.## #.####
#@##.....# #.####
#@#####..# #.#.[.
#.#####..# #.#.##
#........# #....#
########.# #.....
#.#####...#
#........##
##########


You could see Sigmund (empowered, very poisoned).

Vanquished Creatures
  2 dart slugs
  4 bats
  6 endoplasms
  2 giant cockroaches (D:1)
  7 hobgoblins
  4 jackals (D:2)
  A kobold (D:1)
  5 ball pythons
  5 frilled lizards
  3 goblins
  2 rats
41 creatures vanquished.

Notes
Turn   | Place    | Note
-------+----------+-------------------------------------------
     0 | D:1      | jtron the Gnoll Wanderer began the quest for the Orb.
     0 | D:1      | jtron set off with the following items: a +0 dagger, a +0
                  | buckler, a scroll of fear, a +0 robe, 2 potions of haste;
                  | and the following spell memorised: Shock; and the following
                  | spells available to memorise: Vhi's Electric Charge.
     0 | D:1      | Reached XP level 1. HP: 13/13 MP: 4/4
   155 | D:1      | Reached XP level 2. HP: 19/19 MP: 5/5
   493 | D:1      | Reached XP level 3. HP: 21/25 MP: 7/7
   966 | D:2      | Reached skill level 1 in Fighting
   966 | D:2      | Reached skill level 1 in Short Blades
   966 | D:2      | Reached skill level 1 in Long Blades
   966 | D:2      | Reached skill level 1 in Axes
   966 | D:2      | Reached skill level 1 in Maces & Flails
   966 | D:2      | Reached skill level 1 in Polearms
   966 | D:2      | Reached skill level 1 in Staves
   966 | D:2      | Reached skill level 1 in Ranged Weapons
   966 | D:2      | Reached skill level 1 in Throwing
   966 | D:2      | Reached skill level 1 in Dodging
   966 | D:2      | Reached skill level 1 in Evocations
  1125 | D:2      | Noticed Sigmund
  1198 | D:2      | Slain by Sigmund

Illustrated notes

Levels and vault maps discovered:
D:1:      wheals_arrival_shading, layout_rooms, chequers_mini_garden
D:2:      layout_loops_cross, uniq_sigmund

Skill      XL: |  1  2  3 |
---------------+----------+-----
Air Magic      | 2 |  2.2
Fighting       | 1 |  1.0
Short Blades   | 1 |  1.0
Long Blades    | 1 |  1.0
Axes           | 1 |  1.0
Maces & Flails | 1 |  1.0
Polearms       | 1 |  1.0
Staves         | 1 |  1.0
Ranged Weapons | 1 |  1.0
Throwing       | 1 |  1.0
Dodging        | 1 |  1.0
Evocations     | 1 |  1.0
Armour         | |  4.6
Stealth        | |  2.5
Shields        | |  4.6
Unarmed Combat | |  4.6
Spellcasting   | |  2.9
Conjurations   | |  0.7
Hexes          | |  0.7
Summonings     | |  0.7
Necromancy     | |  0.7
Translocations | |  0.7
Transmutations | |  0.7
Fire Magic     | |  0.7
Ice Magic      | |  0.7
Earth Magic    | |  0.7
Poison Magic   | |  0.7
Invocations    | |  2.7

Action                     || total
---------------------------++-------
  Melee: Unarmed           ||   133
         Dagger            ||     5
         Bite              ||    15
  Throw: Stone             ||     5
         Dart              ||     4
    Use: Scroll            ||     3
   Stab: Sleeping          ||     5
 Armour: Robe              ||    16
  Dodge: Dodged            ||    59
  Block: Buckler           ||    35
